 Dungeon Crawl Stone Soup version 0.18.1-48-g4cf74bf (webtiles) character file.

845 Krovax3 the Skirmisher (level 8, 0/87 HPs)
             Began as an Ogre Necromancer on July 26, 2016.
             Was an Initiate of Makhleb.
             Slain by a centaur
             ... wielding a +0 war axe
              (10 damage)
             ... on level 6 of the Dungeon.
             The game lasted 00:46:51 (8086 turns).

Krovax3 the Skirmisher (Ogre Necromancer)           Turns: 8086, Time: 00:46:52

Health: 0/87       AC:  5    Str: 15    XL:     8   Next: 0%
Magic:  12/15      EV: 10    Int: 19    God:    Makhleb [......]
Gold:   229        SH:  0    Dex: 10    Spells: 4 memorised, 6 levels left

rFire  . . .     SeeInvis .     G - +1 giant spiked club
rCold  + . .     Gourm    .     v - +2 robe {rC+}
rNeg   + . .     Faith    .     (shield currently unavailable)
rPois  .         Spirit   .     (helmet restricted)
rElec  .         Dismiss  .     (no cloak)
rCorr  .         Reflect  .     (gloves unavailable)
SustAt .         Harm     .     (boots unavailable)
MR     .....                    (no amulet)
Stlth  +.........               w - ring of positive energy
                                y - +4 ring of intelligence

@: lethally poisoned (0 -> -1), not resistant to hostile enchantments, very
unstealthy
A: unfitting armour, tough skin 1
a: Renounce Religion


You were on level 6 of the Dungeon.
You worshipped Makhleb.
Makhleb was noncommittal.
You were hungry.

You visited 1 branch of the dungeon, and saw 6 of its levels.

You collected 229 gold pieces.

Inventory:

Hand Weapons
 h - a +1 whip
 l - a +0 arbalest
 q - a +0 flail
 t - a +0 dagger of electrocution
 u - a +0 mace
 F - a +0 whip of flaming
 G - a +1 giant spiked club (weapon)
Missiles
 m - 115 stones (quivered)
Armour
 a - a +0 robe
 i - a +0 large shield
 v - a +2 robe of cold resistance (worn)
 C - a +0 helmet
Jewellery
 k - an uncursed ring of see invisible
 w - a ring of positive energy (right hand)
 y - a +4 ring of intelligence (left hand)
Scrolls
 c - a scroll of teleportation
 e - a scroll of remove curse
 f - 2 scrolls of identify
 n - 2 scrolls of amnesia {unknown}
 p - a scroll of random uselessness {unknown}
 z - a scroll of recharging {unknown}
 E - a scroll of blinking
Potions
 g - a potion of berserk rage {unknown}
 o - a potion of flight {unknown}
 s - a potion of curing {unknown}
 x - a potion of lignification {unknown}
 A - 2 potions of degeneration {unknown}
 B - a potion of agility {unknown}
Books
 b - a book of Necromancy

   Spells                             Type                      Level
   a - Pain                           Necromancy                   1
   b - Animate Skeleton               Necromancy                   1
   c - Vampiric Draining              Necromancy                   3
   d - Regeneration                   Charms/Necromancy            3
   e - Animate Dead                   Necromancy                   4
   f - Control Undead                 Necromancy                   4
Comestibles
 j - a beef jerky
 r - 3 bread rations
 D - 2 meat rations


   Skills:
 - Level 7.1 Fighting
 * Level 6.0 Maces & Flails
 - Level 1.7 Dodging
 - Level 1.5 Stealth
 - Level 5.1 Spellcasting
 + Level 3.3 Necromancy


You had 6 spell levels left.
You knew the following spells:

 Your Spells              Type           Power        Failure   Level  Hunger
a - Pain                  Necr           ###.         3%          1    None
b - Vampiric Draining     Necr           ###.......   12%         3    ##.....
c - Regeneration          Chrm/Necr      ##........   21%         3    ##.....
d - Animate Dead          Necr           N/A          34%         4    ####...


Dungeon Overview and Level Annotations

Branches:
Dungeon (6/15)             Temple (0/1) D:6

Altars:
Ashenzari
Fedhas
Makhleb
Qazlal
Ru
Sif Muna

Shops:
D:4 :

Annotations:
D:4 exclusion: downstairs, ender666's ghost, weakling DgWn
D:5 Schimscham's ghost, novice NaWz


Innate Abilities, Weirdness & Mutations

You are too large for most types of armour.
You have tough skin (AC +1).


Message History

The centaur unwields an uncursed shortbow.
The centaur wields an uncursed war axe.
The centaur hits you with an uncursed war axe.
The orc warrior hits you from afar with a trident!!
The orc wizard casts a spell.
The orc wizard blinks!
You feel sick.
The centaur unwields an uncursed war axe.
The centaur wields an uncursed shortbow.
The centaur shoots an arrow.
The arrow hits you!
* * * LOW HITPOINT WARNING * * *
The centaur shoots an arrow.
The arrow hits you.
* * * LOW HITPOINT WARNING * * *
You see here 2 arrows.
The centaur unwields an uncursed shortbow.
The centaur wields an uncursed war axe.
The centaur hits you with an uncursed war axe.
* * * LOW HITPOINT WARNING * * *
The centaur hits you with an uncursed war axe!
You die...

#######.#
#...
#.......#
####
#.#####.#
#(# ###
#.# #.#
#.# #(#
#@# #c#
#ZS.#
###..$#
o).#
.ยง.o
.....
.... ##..


You could see a centaur, an orc wizard, an adder and a centaur skeleton.

Vanquished Creatures
  An ogre (D:6)
  2 centaurs
  A giant frog (D:6)
  A crimson imp (D:6)
  A giant frog skeleton (D:4)
  7 orc wizards
  4 worker ants
  A hound skeleton (D:5)
  10 adders
  3 dart slugs
  5 giant geckos
  14 orcs
  5 goblins
  7 hobgoblins
  6 jackals
  6 kobolds
  2 quokkas
  9 bats
  6 giant newts
  7 rats
98 creatures vanquished.

Notes
Turn   | Place    | Note
--------------------------------------------------------------
     0 | D:1      | Krovax3 the Ogre Necromancer began the quest for the Orb.
     0 | D:1      | Reached XP level 1. HP: 16/16 MP: 3/3
   122 | D:1      | Reached skill level 1 in Fighting
   122 | D:1      | Reached XP level 2. HP: 16/27 MP: 1/5
   462 | D:1      | Reached skill level 2 in Fighting
   647 | D:1      | Reached skill level 1 in Maces & Flails
   824 | D:1      | Reached XP level 3. HP: 35/35 MP: 7/7
  1014 | D:1      | Learned a level 3 spell: Vampiric Draining
  1780 | D:2      | Reached XP level 4. HP: 36/44 MP: 1/8
  2129 | D:2      | Found a stormy altar of Qazlal.
  2139 | D:2      | Reached skill level 3 in Fighting
  2548 | D:3      | Found a shattered altar of Ashenzari.
  2821 | D:3      | Noticed a centaur
  2822 | D:3      | Found a blossoming altar of Fedhas.
  2831 | D:3      | Killed a centaur
  2831 | D:3      | Reached skill level 4 in Fighting
  2831 | D:3      | Reached XP level 5. HP: 19/55 MP: 0/10
  3033 | D:4      | Noticed ender666's ghost (weakling DgWn)
  3290 | D:3      | Reached skill level 5 in Fighting
  3290 | D:3      | Reached XP level 6. HP: 25/66 MP: 2/12
  4267 | D:4      | Found a sacrificial altar of Ru.
  5149 | D:4      | Reached XP level 7. HP: 27/74 MP: 9/13
  5487 | D:4      | Learned a level 3 spell: Regeneration
  5492 | D:4      | Learned a level 4 spell: Animate Dead
  5520 | D:4      | Reached skill level 6 in Fighting
  5610 | D:5      | Entered Level 5 of the Dungeon
  5830 | D:5      | Found a burning altar of Makhleb.
  5838 | D:5      | Became a worshipper of Makhleb the Destroyer
  5851 | D:5      | Noticed Schimscham's ghost (novice NaWz)
  6252 | D:4      | Found Wodda's Book Shop.
  6409 | D:5      | Found a deep blue altar of Sif Muna.
  6648 | D:5      | Reached skill level 5 in Maces & Flails
  6990 | D:6      | Reached skill level 5 in Spellcasting
  7490 | D:6      | Found a staircase to the Ecumenical Temple.
  7672 | D:6      | Reached skill level 7 in Fighting
  8080 | D:6      | Reached XP level 8. HP: 62/87 MP: 11/15
  8086 | D:6      | Slain by a centaur

Skill      XL: |  1  2  3  4  5  6  7 |
---------------+----------------------+-----
Necromancy     | 3 |  3.3
Fighting       | 1 2 4 5 7 |  7.1
Maces & Flails | 1 2 3 4 6 |  6.0
Spellcasting   | 3 4 5 |  5.1
Dodging        | |  1.7
Stealth        | |  1.5

Action                   |  1- 3 |  4- 6 |  7- 9 || total
-------------------------+-------+-------+-------++-------
Melee: Unarmed           |    22 |       |       ||    22
       Whip              |   109 |   211 |   121 ||   441
       Giant spiked club |       |       |    33 ||    33
 Cast: Pain              |    18 |    28 |    17 ||    63
       Vampiric Draining |       |    15 |    13 ||    28
  Use: Scroll            |     1 |     7 |     2 ||    10
       Potion            |       |       |     3 ||     3
 Stab: Distracted        |       |     1 |       ||     1
       Paralysed         |       |     4 |       ||     4
       Invisible         |       |     1 |       ||     1
       Sleeping          |       |     1 |       ||     1
  Eat: Bread ration      |     1 |       |     1 ||     2
       Chunk             |       |    11 |     5 ||    16
Armor: Robe              |    81 |    52 |    41 ||   174
Dodge: Dodged            |   135 |   117 |    84 ||   336
